Map: Acid Plant LE

Players

Seamonsta

  • Race: Zerg Zerg
  • League: Diamond
  • Spawn Location: 11:00

Togogirl - Winner!

  • Race: Terran Terran
  • Spawn Location: 5:00

VOD

Have the link to the VOD?

Description

Time

  • Played on: Feb. 20, 2018, 5:52 p.m.
  • Length: 31:55
Show
View Real Time Build Order
Export as new Build Order

Seamonsta Zerg 

Build Orders: Hatch First, Swarm Host 

Get SALT Encoding   

  12  0:01  Drone  
  13  0:15  Overlord  
  13  0:17  Drone  
  14  0:33  Drone x2  
  16  0:37  Drone  
  17  0:55  Drone  
  17  0:56  Hatchery  
  17  0:59  Drone  
  18  1:09  Extractor  
  17  1:15  Spawning Pool  
  16  1:32  Drone  
  16  1:33  Drone, Overlord  
  18  1:46  Drone  
  19  1:55  Drone  
  20  2:04  Queen  
  20  2:05  Zergling x2  
  23  2:14  Zergling x2  
  23  2:17  Zergling x2  
  23  2:19  Metabolic Boost  
  24  2:27  Roach Warren  
  23  2:33  Zergling x4  
  25  2:51  Queen  
  27  2:53  Drone  
  27  2:54  Drone, Extractor  
  28  3:08  Queen  
  27  3:41  Drone  
  27  3:42  Drone x3  
  27  3:44  Roach x2  
  27  3:46  Overlord x3  
  35  3:55  Drone  
  36  4:05  Roach x2  
  36  4:08  Roach  
  42  4:21  Roach x2  
  47  4:24  Ravager x2  
  47  4:29  Roach x2  
  51  4:41  Ravager  
  51  4:42  Ravager  
  53  4:46  Drone x3  
  53  4:47  Drone  
  57  4:56  Roach  
  57  4:57  Overlord  
  59  5:04  Ravager  
  60  5:34  Roach  
  60  5:35  Roach x3  
  67  5:53  Ravager  
  67  5:54  Overlord x2  
  67  5:55  Overlord  
  68  6:08  Hatchery  
  68  6:10  Extractor  
  66  6:16  Ravager x3  
  66  6:17  Roach  
  71  6:19  Zergling x14  
  71  6:20  Drone  
  73  6:42  Ravager  
  73  6:43  Ravager  
  75  6:52  Extractor  
  71  7:16  Zergling x14  
  71  7:17  Drone x2, Overlord x2  
  71  7:18  Drone  
  71  7:19  Lair  
  81  7:24  Pneumatized Carapace  
  81  7:26  Drone  
  81  7:28  Evolution Chamber, Drone x2  
  81  7:29  Drone  
  84  7:30  Drone  
  85  7:43  Roach  
  85  7:44  Roach x2  
  88  7:45  Drone  
  83  8:14  Drone x3  
  83  8:15  Zerg Missile Weapons Level 1  
  83  8:16  Drone  
  83  8:19  Evolution Chamber, Infestation Pit, Drone  
  86  8:21  Drone x3  
  86  8:22  Hydralisk Den  
  88  8:35  Drone x2  
  88  8:36  Drone, Overlord  
  88  8:38  Queen  
  72  9:13  Overlord x2, Queen x2  
  72  9:14  Swarm Host, Queen  
  72  9:15  Swarm Host x3  
  89  9:44  Spore Crawler  
  88  9:50  Queen  
  88  9:51  Overlord x3  
  90  9:53  Queen  
  90  9:54  Queen  
  81  10:14  Drone x6, Spore Crawler  
  84  10:15  Hydralisk x4  
  94  10:26  Ravager x2, Hydralisk  
  98  10:46  Hatchery  
  94  10:54  Burrow  
  94  10:55  Hydralisk  
  94  10:56  Hydralisk  
  89  11:26  Zerg Ground Armor Level 1, Zerg Missile Weapons Level 2  
  89  11:33  Overlord x2  
  89  11:34  Zergling x2, Overlord  
  90  11:50  Overlord x2, Overseer  
  90  11:53  Hydralisk x11  
  112  11:56  Zergling x2  
  130  12:18  Drone  
  131  12:27  Drone x2  
  132  12:32  Spine Crawler x2  
  132  12:35  Hydralisk x3  
  136  12:37  Overlord  
  126  13:03  Hydralisk x7  
  108  13:22  Hydralisk x4  
  108  13:25  Drone  
  108  13:26  Drone  
  108  13:27  Zergling x16  
  119  13:28  Drone  
  127  13:38  Hive  
  127  13:39  Extractor  
  126  13:44  Extractor, Roach x2  
  129  13:56  Hydralisk  
  129  13:57  Hydralisk x3  
  109  14:14  Hydralisk  
  109  14:15  Hydralisk x6  
  109  14:16  Drone  
  109  14:17  Drone x2  
  120  14:39  Muscular Augments  
  120  14:40  Drone x2  
  120  14:42  Spine Crawler  
  120  14:44  Hydralisk, Spore Crawler  
  120  14:45  Hydralisk x3, Drone  
  120  14:46  Spine Crawler, Drone x6  
  120  14:48  Overlord  
  120  14:49  Hydralisk x3  
  126  15:17  Viper  
  128  15:21  Drone x2  
  129  15:28  Queen  
  129  15:29  Queen  
  129  15:34  Ultralisk Cavern  
  132  15:43  Drone x2  
  132  15:48  Spine Crawler  
  133  15:51  Viper, Grooved Spines  
  136  16:12  Hydralisk x7  
  136  16:14  Zergling x4  
  136  16:16  Overlord x6  
  152  16:20  Spore Crawler  
  152  16:22  Spine Crawler  
  150  16:26  Zerg Missile Weapons Level 3  
  150  16:30  Zergling x2  
  150  16:31  Zergling x2  
  152  16:40  Adrenal Glands  
  152  16:57  Ultralisk  
  152  16:59  Zergling x8, Hatchery  
  152  17:00  Zergling x26  
  174  17:01  Spore Crawler  
  173  17:09  Evolution Chamber  
  173  17:10  Evolution Chamber  
  173  17:11  Evolution Chamber, Drone  
  173  17:13  Spine Crawler  
  170  17:16  Hatchery  
  169  17:36  Ultralisk x2  
  181  17:38  Chitinous Plating  
  181  17:47  Drone  
  181  17:51  Zerg Melee Weapons Level 1  
  182  17:57  Extractor  
  181  18:00  Extractor  
  180  18:05  Viper  
  183  18:22  Ultralisk  
  183  18:25  Drone  
  183  18:26  Drone x2  
  192  18:30  Drone x2  
  192  18:31  Drone x5, Overlord x2  
  199  18:43  Drone  
  199  18:45  Overseer x4  
  200  18:48  Overlord x2  
  197  19:08  Zergling x2  
  197  19:09  Zergling x4  
  200  19:38  Zerg Ground Armor Level 2  
  200  19:45  Spire  
  200  19:48  Spine Crawler  
  200  19:49  Spine Crawler, Queen  
  200  19:51  Spine Crawler  
  198  20:21  Zerg Melee Weapons Level 2  
  103  21:15  Ultralisk x7  
  103  21:17  Zergling x8  
  103  21:18  Zergling x44  
  153  21:44  Ultralisk  
  153  21:45  Ultralisk x2  
  160  22:08  Hydralisk x4  
  142  22:45  Corruptor  
  142  22:46  Corruptor x2  
  142  23:08  Drone x2  
  144  23:13  Spine Crawler, Queen x3  
  144  23:15  Queen x2  
  143  23:22  Extractor  
  143  23:25  Extractor  
  133  23:40  Hatchery  
  117  23:49  Zergling x24  
  117  23:50  Zergling x8, Drone  
  117  23:51  Drone  
  135  24:02  Queen x4  
  137  24:05  Ultralisk x2  
  137  24:06  Viper  
  158  24:34  Greater Spire, Baneling Nest  
  158  24:35  Drone x2  
  159  24:38  Drone  
  159  24:39  Drone x3, Extractor  
  159  24:40  Extractor  
  161  24:59  Viper  
  164  25:04  Drone x4  
  168  25:14  Spine Crawler  
  168  25:16  Spore Crawler  
  166  25:25  Baneling x4  
  166  25:26  Baneling x6  
  166  25:36  Centrifical Hooks  
  166  25:51  Overlord x2, Hatchery  
  166  25:52  Overlord x2, Overseer x3  
  166  25:53  Overseer  
  165  26:05  Hatchery  
  165  26:08  Zerg Melee Weapons Level 3  
  164  26:13  Drone  
  165  26:29  Extractor  
  165  26:30  Extractor  
  165  26:31  Zerg Flyer Weapons Level 1  
  163  26:33  Zergling x36  
  163  26:34  Zergling x20  
  189  26:49  Viper  
  189  26:53  Brood Lord  
  194  27:24  Brood Lord x2  
  194  27:26  Zergling x4  
  200  27:30  Baneling x2  
  199  27:57  Baneling  
  199  27:58  Baneling x2  
  119  28:28  Zergling x26  
  119  28:29  Hydralisk x11  
  124  28:54  Corruptor x2  
  124  28:55  Corruptor  
  130  28:56  Drone  
  130  29:01  Drone  
  130  29:02  Drone  
  117  29:37  Brood Lord x3, Corruptor x2  
  118  29:40  Zergling x2  
  118  29:41  Zergling x42  
  118  29:42  Zergling x2  
  118  29:43  Drone x4  
  137  29:49  Drone  
  137  29:50  Spine Crawler x2, Drone x5  
  137  29:51  Spine Crawler  
  137  29:52  Spore Crawler  
  137  30:12  Ultralisk x3  
  155  30:14  Zergling x16  
  155  30:15  Zergling x18  
  155  30:16  Baneling  
  155  30:17  Baneling x3  
  155  30:18  Baneling  
  172  30:29  Viper  
  175  30:36  Baneling x5  
  175  30:41  Spine Crawler  
  175  30:42  Spine Crawler  
  173  30:43  Spore Crawler  
  173  30:47  Brood Lord  
  173  30:49  Baneling  
  174  30:50  Baneling x3  
  116  31:12  Ultralisk x2  
  128  31:22  Brood Lord  
Show
View Real Time Build Order
Export as new Build Order

Togogirl Terran - Winner!

Build Orders: Command Center First (CC) 

Get SALT Encoding   

  12  0:01  SCV  
  13  0:13  SCV  
  14  0:22  Supply Depot  
  14  0:25  SCV  
  15  0:43  SCV  
  16  0:56  SCV  
  17  1:03  Command Center  
  17  1:08  SCV  
  18  1:14  Refinery  
  18  1:17  Refinery  
  18  1:22  SCV  
  19  1:34  SCV  
  20  1:49  SCV  
  21  2:01  SCV  
  22  2:04  Barracks  
  22  2:13  SCV  
  23  2:24  Engineering Bay  
  23  2:42  SCV  
  24  2:58  Planetary Fortress  
  24  3:04  Factory  
  22  3:43  SCV  
  24  3:55  SCV  
  24  4:00  Planetary Fortress  
  24  4:07  SCV  
  25  4:14  Starport  
  25  4:17  Starport  
  25  4:19  SCV  
  26  4:32  SCV  
  26  4:33  Factory Tech Lab  
  27  4:39  SCV  
  27  4:44  SCV  
  29  4:51  SCV  
  30  4:53  Starport Reactor  
  30  4:55  Starport Reactor  
  30  4:56  SCV  
  30  4:57  Supply Depot  
  31  5:03  SCV, Siege Tank  
  35  5:08  SCV  
  36  5:15  SCV  
  36  5:20  SCV  
  38  5:27  SCV  
  38  5:32  SCV  
  38  5:33  Supply Depot  
  38  5:34  Supply Depot  
  39  5:54  SCV x2, Siege Tank  
  44  5:57  Supply Depot  
  44  6:00  Supply Depot  
  44  6:04  Liberator  
  44  6:06  SCV x2  
  46  6:18  SCV  
  46  6:19  SCV  
  46  6:25  Refinery  
  51  6:26  Refinery, Siege Tank  
  51  6:31  SCV  
  52  6:42  Liberator  
  52  6:59  Siege Tank  
  55  7:41  Siege Tank  
  55  7:44  Viking x2  
  55  7:45  Viking x2  
  60  8:06  SCV  
  61  8:13  Siege Tank  
  61  8:16  Viking x2, Supply Depot  
  61  8:17  Viking  
  61  8:18  Supply Depot  
  70  8:37  Viking  
  68  9:09  Supply Depot  
  68  9:12  Command Center  
  68  9:15  Viking  
  68  9:16  Viking x3  
  76  9:45  Viking  
  76  9:46  Viking x3  
  78  10:15  Viking  
  78  10:16  Viking x3  
  86  10:25  Siege Tank  
  89  10:37  Armory  
  89  10:45  Viking x2  
  89  10:46  Viking x2  
  97  11:12  Siege Tank  
  97  11:17  Supply Depot  
  100  11:22  Planetary Fortress  
  100  11:37  Terran Vehicle Weapons Level 1  
  100  11:40  Supply Depot  
  100  11:46  Factory  
  100  11:53  Thor  
  106  12:03  Supply Depot  
  90  12:26  Factory, SCV  
  90  12:29  Building Armor  
  91  12:36  Supply Depot  
  91  12:38  SCV  
  91  12:40  Viking x4  
  91  12:41  Factory Tech Lab  
  100  12:51  SCV  
  101  12:59  Supply Depot  
  89  13:19  Command Center  
  83  13:31  Thor  
  83  13:32  Thor  
  95  13:34  Factory Reactor  
  95  13:39  Command Center  
  95  13:40  Terran Vehicle Weapons Level 2  
  95  13:41  Command Center  
  83  14:09  Hi-Sec Auto Tracking  
  69  14:30  Thor  
  69  14:31  Thor  
  69  14:34  Hellbat x2  
  69  14:36  Infernal Pre-Igniter  
  79  14:49  Viking x3  
  85  14:56  Hellbat x2  
  87  15:17  Hellbat x2  
  91  15:35  Thor  
  91  15:38  Hellbat  
  91  15:39  Hellbat  
  101  15:48  Thor  
  107  16:00  Hellbat x2  
  111  16:14  Terran Vehicle Weapons Level 3  
  111  16:17  SCV  
  112  16:21  Hellbat x2  
  116  16:29  SCV  
  116  16:31  SCV  
  116  16:32  Refinery, SCV  
  119  16:41  SCV  
  119  16:43  Missile Turret, Hellbat x2  
  119  16:44  SCV x2  
  126  16:49  Siege Tank  
  130  16:54  Refinery  
  130  16:55  Planetary Fortress  
  130  16:56  SCV x2  
  131  17:04  Hellbat x2  
  135  17:20  SCV x2  
  137  17:32  SCV x2  
  137  17:44  SCV  
  137  17:48  Missile Turret, Thor  
  144  17:56  Hellbat x2  
  148  18:00  Supply Depot x2  
  148  18:01  Supply Depot  
  148  18:04  Planetary Fortress  
  148  18:07  Refinery  
  148  18:09  Refinery  
  148  18:17  Hellbat x2  
  152  18:22  Thor  
  152  18:24  Thor x5  
  152  18:26  Viking x3  
  164  18:29  Viking  
  166  18:38  Hellbat  
  168  18:44  Thor  
  174  18:52  Terran Vehicle And Ship Armor Level 1  
  174  19:18  Viking x3  
  174  19:19  Viking  
  182  19:35  Starport  
  182  19:45  Siege Tank x2  
  188  19:50  Command Center  
  188  19:53  Supply Depot  
  188  19:54  Supply Depot  
  188  20:15  Viking x4  
  196  20:25  Starport Reactor  
  196  20:26  Starport Tech Lab  
  196  20:31  Siege Tank  
  136  21:30  Terran Vehicle And Ship Armor Level 2  
  138  21:32  Hellbat  
  138  21:33  Thor, Hellbat  
  138  21:34  Thor  
  150  21:54  Hellbat x2  
  150  21:58  Raven  
  152  22:03  Liberator x2  
  77  22:15  Hellbat x2  
  77  22:16  Thor  
  77  22:17  Thor  
  95  22:37  Hellbat x2  
  90  22:58  Hellbat  
  82  23:00  Thor  
  82  23:03  Thor  
  77  23:38  Command Center  
  77  24:05  SCV  
  78  24:17  SCV  
  78  24:22  Hellbat x2  
  83  24:29  Thor, SCV  
  90  24:44  Hellbat x2  
  94  25:03  Siege Tank  
  94  25:05  Hellbat  
  99  25:14  Orbital Command  
  99  25:20  SCV x3  
  102  25:24  Siege Tank  
  105  25:32  SCV x3  
  108  25:37  Siege Tank  
  111  25:43  Refinery  
  111  25:44  SCV  
  111  25:46  SCV x2  
  111  25:47  Refinery  
  114  26:03  SCV x3  
  117  26:06  Siege Tank  
  120  26:15  SCV  
  121  26:26  Viking x2  
  121  26:28  SCV  
  126  26:49  Terran Vehicle And Ship Armor Level 3  
  126  26:53  SCV  
  127  27:05  SCV  
  128  27:17  SCV  
  128  27:21  Thor  
  135  27:25  Siege Tank  
  135  27:29  SCV, Hellbat x2  
  143  27:36  Command Center  
  143  27:41  Viking x2, SCV  
  143  27:42  Viking  
  150  27:53  Hellbat x2  
  154  28:14  Hellbat x2  
  96  28:42  Thor x2  
  96  28:44  Hellbat x2  
  112  29:03  Viking x2  
  112  29:04  Viking  
  112  29:05  Hellbat x2  
  118  29:24  Thor  
  118  29:26  Hellbat x2  
  117  29:48  Hellbat  
  119  29:56  Thor  
  119  29:58  Viking x3  
  131  30:10  Hellbat x2  
  135  30:14  Thor  
  141  30:31  Hellbat  
  143  30:37  Planetary Fortress  
  143  30:47  Thor  
  138  31:20  Hellbat  
  138  31:21  Hellbat  
Tags
 
Add a new tag
Caveats
  • Supply blocks, unpowered buildings, or Contaminate may cause inaccurate times.
  • Supply counts are checked every 10 seconds.